 Dungeon Crawl Stone Soup version 0.30-a0-1160-g6e42c06551 (webtiles) character file.

Game seed: 4718199880149776746

188028 Hubris850 the Devastator (level 17, -57/121 (128) HPs)
             Began as a Green Draconian Conjurer on Apr 24, 2023.
             Was the Champion of Ru.
             Blown up by an orb spider (73 damage)
             ... with an orb of destruction
             ... on level 2 of the Spider Nest on Apr 26, 2023.
             The game lasted 02:48:18 (34651 turns).

Hubris850 the Devastator (DrCj)                    Turns: 34651, Time: 02:48:19

HP:   -57/121 (128) AC: 10    Str:  9      XL:     17   Next: 46%
MP:   3/35          EV: 24    Int: 26      God:    Ru [******]
Gold: 2429          SH:  0    Dex: 10 (12) Spells: 1/45 levels left

rFire   + . .        a - +8 lajatang (spect)
rCold   . . .        (shield currently unavailable)
rNeg    + + .        (body armour unavailable)
rPois   +            w - +0 hat
rElec   +            I - +1 cloak {Will+}
rCorr   .            G - +1 pair of gloves
SInv    .            h - +0 pair of boots
Will    +....        x - amulet of the Final Mice {*Corrode rF+ rN++ Regen+ Int+3} Stlth
                     y - ring "Kivurets" {rElec EV+5}
HPRegen 1.20/turn    m - +5 ring of evasion
MPRegen 0.24/turn

%: corrode self (3%)
@: corroded, slowed, drained, unable to drink, very slow
A: breathe noxious fumes, AC +9, unfitting armour, stinger 1, poison resistance,
weak 1, cold-blooded, inability to drink after injury 2, no stealth, hated by
all, weak-willed 1, missing an eye
}: 1/15 runes: decaying
a: Breathe Noxious Fumes, Renounce Religion, Draw Out Power, Power Leap,
Apocalypse


You were on level 2 of the Spider Nest.
You worshipped Ru.
Ru was exalted by your worship.
You visited 5 branches of the dungeon, and saw 27 of its levels.
You also visited: Sewer and Bailey.

You collected 2429 gold pieces.

Inventory:

Hand Weapons
 a - a +8 spectral lajatang (weapon)
 E - the +8 trident "Urofue" {freeze, +Blink rElec MP+9 Stlth-}
   (You took it off a spriggan on level 4 of the Swamp)

   rElec:     It insulates you from electricity.
   MP:        It affects your magic capacity (+9).
   +Blink:    It lets you blink.
   Stlth:     It makes you less stealthy.
 F - the +8 morningstar of Defiance {freeze, rC+ Int+3}
   (You took it off a spriggan druid on level 4 of the Swamp)

   Int:       It affects your intelligence (+3).
   rC:        It protects you from cold.
 S - a +2 whip of electrocution
Missiles
 p - 18 curare-tipped darts
 K - 5 throwing nets
Armour
 h - a +0 pair of boots (worn)
 w - a +0 hat (worn)
 B - a +2 buckler
 G - a +1 pair of gloves (worn)
 I - a +1 cloak of willpower (worn)
Magical Staves
 A - a staff of air
Jewellery
 b - a ring of willpower
 m - a +5 ring of evasion (right hand)
 r - a ring of positive energy
 t - a +5 ring of evasion
 x - the amulet of the Final Mice (around neck) {*Corrode rF+ rN++ Regen+ Int+3}
   (You found it on level 5 of the Dungeon)

   [amulet of regeneration]

   Int:       It affects your intelligence (+3).
   rF:        It protects you from fire.
   rN:        It greatly protects you from negative energy.
   Regen:     It increases your rate of health regeneration.
   *Corrode:  It may corrode you when you take damage.
 y - the ring "Kivurets" (left hand) {rElec EV+5}
   (You found it on level 5 of the Dungeon)

   [ring of evasion]

   EV:        It affects your evasion (+5).
   rElec:     It insulates you from electricity.
 C - a ring of resist corrosion
Wands
 c - a wand of mindburst (1)
 f - a wand of flame (43)
 z - a wand of quicksilver (5)
 J - a wand of polymorph (16)
 R - a wand of roots (21)
Scrolls
 s - 5 scrolls of fear
 v - a scroll of enchant armour
 H - 3 scrolls of identify
 M - 4 scrolls of teleportation
 N - 4 scrolls of fog
 P - 6 scrolls of poison
Potions
 d - 6 potions of haste
 e - a potion of berserk rage
 g - 13 potions of curing
 j - 6 potions of cancellation
 k - 2 potions of ambrosia
 l - 3 potions of might
 n - 7 potions of brilliance
 o - 3 potions of mutation
 q - a potion of invisibility
 u - 6 potions of attraction
 D - 5 potions of heal wounds
 V - a potion of resistance
 Z - a potion of magic


   Skills:
 - Level 6.0 Fighting
 - Level 4.0 Short Blades
 - Level 14.0 Staves
 - Level 8.0 Dodging
 - Level 14.7 Spellcasting
 - Level 16.0 Conjurations
 - Level 4.0 Hexes
 - Level 4.0 Translocations
 - Level 8.0 Transmutations
 - Level 4.2 Fire Magic
 + Level 5.9 Ice Magic
 + Level 5.9 Air Magic
 - Level 4.0 Earth Magic
 - Level 8.2 Poison Magic
 * Level 4.4 Evocations


You had one spell level left.
You knew the following spells:

 Your Spells              Type           Power      Damage    Failure   Level
a - Magic Dart            Conj           100%       1d8       0%          1
b - Orb of Destruction    Conj           40%        9d11      3%          7
c - Sting                 Tmut/Pois      100%       1d8       1%          1
d - Olgreb's Toxic Radia  Pois           58%        N/A       1%          4
e - Poisonous Vapours     Pois/Air       100%       N/A       1%          2
f - Stone Arrow           Conj/Erth      100%       3d13      1%          3
g - Sticky Flame          Conj/Fire      64%        2d8       1%          4
h - Freezing Cloud        Conj/Ice/Air   30%        6-21      1%          5
i - Iskenderun's Mystic   Conj/Tloc      63%        2d13      1%          4
k - Ignite Poison         Fire/Tmut/Pois 53%        N/A       1%          3
l - Iskenderun's Battles  Conj           80%        2d13      1%          5
m - Fireball              Conj/Fire      32%        3d14      1%          5

Your spell library contained the following spells:

 Spells                   Type           Power      Damage    Failure   Level
 Apportation              Tloc           78%        N/A       1%          1
 Kiss of Death            Conj/Necr      100%       2d13      1%          1
 Sandblast                Erth           80%        2d17      1%          1
 Shock                    Conj/Air       100%       1d9       1%          1
 Necrotise                Necr           76%        1d7       2%          1
 Searing Ray              Conj           100%       2d8       0%          2
 Blink                    Tloc           78%        N/A       1%          2
 Cigotuvi's Dreadful Rot  Necr/Pois/Air  86%        N/A       1%          2
 Passwall                 Tmut/Erth      41%        N/A       1%          2
 Wereblood                Tmut           57%        N/A       1%          2
 Confusing Touch          Hex            39%        N/A       1%          3
 Dazzling Flash           Conj/Hex       100%       N/A       1%          3
 Inner Flame              Hex/Fire       40%        N/A       1%          3
 Flame Wave               Conj/Fire      64%        2d15      1%          4
 Fulminant Prism          Conj/Hex       31%        3d16      1%          4
 Alistair's Intoxication  Tmut/Pois      38%        N/A       2%          5
 Sublimation of Blood     Necr           19%        N/A       4%          2
 Conjure Ball Lightning   Conj/Air       33%        3x3d11    4%          6
 Manifold Assault         Tloc           39%        N/A       5%          4
 Silence                  Hex/Air        22%        N/A       11%         5
 Dispel Undead            Necr           19%        3d11      28%         4
 Agony                    Necr           19%        N/A       61%         5
 Storm Form               Tmut/Air       26%        N/A       80%         7
 Maxwell's Capacitive Co  Air            25%        ∞         100%        8
 Summon Small Mammal      Summ           Unusable   N/A       N/A         1
 Summon Lightning Spire   Summ/Air       Unusable   N/A       N/A         4
 Summon Hydra             Summ           Unusable   N/A       N/A         7

Dungeon Overview and Level Annotations

Branches:
Dungeon (15/15)            Temple (1/1) D:5            Lair (5/5) D:9
  Swamp (4/4) Lair:2       Spider (2/4) Lair:2        Slime (0/5) Lair:5
    Orc (0/2) D:12         Vaults (0/5) D:14         Depths (0/4) D:15
  Sewer (visited)          Bailey (visited)

Altars:
Ashenzari
Dithmenos
Gozag
Kikubaaqudgha
Makhleb
Nemelex Xobeh
Okawaru
Qazlal
Ru
Sif Muna
Trog
Uskayaw
Vehumet
Wu Jian
Xom
The Shining One
Lugonu

Shops:
D:4 (   D:9 !   D:14 :[(

Portals:
Abyss: Lair:5
Trove: D:11 (give +6 demon blade)

Annotations:
Lair:5 2 transporters, Jeffwins's ghost, journeyman HuWn
Swamp:2 2 transporters, Eboth's ghost, adept GnFi
Abyss:1 Erolcha


Innate Abilities, Weirdness & Mutations

You can breathe blasts of noxious fumes.
Your lurid green scales are hard. (AC +9)
You cannot fit into any form of body armour.
Your tail ends in a venomous barb.
Your system is resistant to poisons. (rPois)
You are weak. (Str -2)
You are cold-blooded and may be slowed by cold attacks.
You sometimes lose the ability to drink potions when taking damage.
You cannot be stealthy.
You are hated by all.
You are slightly weak-willed. (Will-)
You are missing an eye, making it more difficult to aim.


Message History

Your +8 spectral lajatang disappears.
You can drink potions again.
The pharaoh ant barely misses you.
The orb spider spins a strand of pure energy.
The pharaoh ant barely misses you. The redback attacks as you move away!
The redback bites you!
The orb spider looks more healthy.
The redback completely misses you. The pharaoh ant bites you!!
You feel threatened and lose the ability to drink potions!
You partially resist.
You feel drained.
You redirect the orb spider's attack!
The redback bites you! The pharaoh ant bites you!!
* * * LOW HITPOINT WARNING * * *
You partially resist.
You feel drained.
* * * LOW HITPOINT WARNING * * *
You focus your inner power and paralyse the pharaoh ant in retribution!
Unknown command.
Unknown command.
As you read the scroll of fear, it crumbles to dust.
You assume a fearsome visage.
The redback looks frightened!
The torpor snail looks frightened!
The pharaoh ant is unaffected.
The orb spider looks frightened!
The orb spider weaves a glowing orb of energy.
An orb of destruction comes into view.
Okay, then.
Unknown command.
Casting: Olgreb's Toxic Radiance (mildly dangerous; 1% risk of failure)
Confirm with . or Enter, or press ? or * to list all spells.
Okay, then.
Unknown command.
Unknown command.
Aiming: Quicksilver Bolt
Press: ? - help, Shift-Dir - straight line, f - orb spider
Aim: an orb spider (severely wounded, fleeing, 53% to hit)
The bolt of dispelling energy hits the orb spider!!
You kill the orb spider!
The bolt of dispelling energy misses the redback.
The orb of destruction hits you!!!!
Ouch! That really hurt!
You die...

.# #.... ... .#...
...## .^.###
.....#####(....(
.......#.w.s...
#### ........††.#
#...#######.B†..#
###^........○☼†#.#
...........@.### #
.<.#.##..#......#
###...#..#...#
#.##..#.##..##
#.....### .^.#
##.....# .#.#
####......# .###
#..###..###
###..#.^..^#


You could see a torpor snail (fleeing), a pharaoh ant (paralysed) and a redback
(fleeing).

Vanquished Creatures
  Bai Suzhen (Swamp:4)
  the Lernaean hydra (Swamp:4)
  Frances (D:14)
  The ghost of patfeehan111222 the Severer, an adept DsBe of Trog (Swamp:4)
  2 thorn hunters
  Kirke (Spider:1)
  Agnes (Spider:1)
  A fenstrider witch (Swamp:2)
  Louise (Swamp:1)
  A ghost moth (Spider:2)
  The ghost of Fuilowk the Tortoise, a journeyman MiFi of Dithmenos (D:13)
  2 ghouls (Swamp:2)
  6 eleionomae
  7 bunyips
  2 fire dragons (D:15)
  Harold (D:11)
  30 hydras
  An ogre mage (D:15)
  A ghost crab (Swamp:2)
  3 boulder beetles
  11 two-headed ogres
  7 alligators
  A radroach (Spider:1)
  7 centaur warriors
  A jorogumo (Spider:1)
  A vampire mage (Lair:2)
  3 tengu warriors
  3 thrashing horrors (Lair:5)
  Sonja (Lair:3)
  A soul eater (D:11)
  3 skysharks
  7 goliath frogs
  8 swamp dragons
  4 pharaoh ants
  5 spriggan druids
  3 bog bodies
  5 orb spiders
  A sea snake (shapeshifter) (Lair:5)
  A wizard (D:14)
  2 orc knights
  A steelbarb worm (Spider:1)
  4 deep elf pyromancers
  5 cyclopes
  4 oklob plants (Lair:5)
  2 manticores
  A will-o-the-wisp (Swamp:3)
  6 wolf spiders
  2 moths of wrath
  14 ugly things
  24 elephants
  3 gargoyles
  4 demonic crawlers (Spider:1)
  7 black mambas
  10 cane toads
  A yaktaur (shapeshifter) (D:13)
  A komodo dragon (shapeshifter) (D:13)
  A smoke demon (Lair:5)
  A rime drake (Lair:2)
  A yaktaur (D:15)
  An efreet (D:13)
  8 komodo dragons
  An ancient zyme (Lair:5)
  An ice devil (D:11)
  3 large abominations (Lair:5)
  5 trolls
  9 tarantellas
  16 hornets
  Grinder (D:3)
  2 polar bears
  3 tyrant leeches
  22 blink frogs
  11 culicivoras
  16 dream sheep (Lair:5)
  A centaur simulacrum (D:15)
  A jumping spider (shapeshifter) (D:13)
  A culicivora (shapeshifter) (D:13)
  3 slime creatures
  22 spriggans
  15 jumping spiders
  2 wraiths (D:13)
  2 ynoxinuls (Lair:5)
  A hog (Spider:1)
  5 basilisks
  3 wyverns
  2 chaos spawn (Lair:5)
  40 yaks
  22 humans
  18 redbacks
  2 steam dragons
  22 vampire mosquitoes
  A warg (D:15)
  Edmund (D:4)
  19 swamp worms
  4 acid dragons
  5 black bears
  An orc warrior (D:6)
  19 water moccasins
  A sky beast (D:7)
  7 swamp drakes (Swamp:4)
  3 ice beasts
  5 ogres
  7 centaurs
  9 wolves
  10 kobold brigands
  A phantom (D:6)
  11 bullfrogs
  A necrophage (Swamp:2)
  3 wights
  11 small abominations (Lair:5)
  7 howler monkeys
  4 vampire bats (D:6)
  2 jellies (D:7)
  A quasit (D:11)
  4 hounds
  4 orc priests
  6 gnoll boudas
  A sleepcap (D:5)
  Jessica (D:3)
  5 hell rats (Lair:3)
  4 iguanas
  12 orc wizards
  27 gnolls
  10 adders
  A shadow imp (D:3)
  A white imp (D:4)
  An ufetubus (D:6)
  2 worms
  2 dart slugs
  29 orcs
  6 ball pythons
  10 endoplasms
  6 giant cockroaches
  5 goblins
  7 hobgoblins
  2 jackals (D:3)
  48 kobolds
  5 quokkas
  16 bats
  6 frilled lizards
  4 orc zombies (Bailey)
  17 rats
  2 briar patches (Swamp:3)
  A butterfly (Lair:2)
871 creatures vanquished.

Vanquished Creatures (others)
  A ghoul (Swamp:2)
  A bunyip (Swamp:4)
  A hydra (Swamp:4)
  A two-headed ogre (D:11)
  A ghost crab (Swamp:3)
  A death knight (D:13)
  An elephant (Lair:4)
  A black mamba (Lair:1)
  A bloated husk (Swamp:2)
  A tyrant leech (Swamp:3)
  A hornet (Swamp:2)
  2 yaks
  A human (D:14)
  A redback (Spider:2)
  A small abomination (Lair:5)
  A wight (D:7)
  An orc priest (D:7)
  An orc wizard (D:11)
  2 briar patches (Swamp:3)
  2 demonic plants (D:11)
  6 foxfires (Swamp:3)
  24 fulminant prisms
  55 fungi
  37 plants
  13 spectral weapons
158 creatures vanquished.

Grand Total: 1029 creatures vanquished

Notes
Turn   | Place    | Note
-------+----------+-------------------------------------------
     0 | D:1      | Hubris850 the Draconian Conjurer began the quest for the
                  | Orb.
     0 | D:1      | Reached XP level 1. HP: 14/14 MP: 3/3
   210 | D:1      | Reached skill level 1 in Fighting
   217 | D:1      | Reached XP level 2. HP: 16/23 MP: 1/5
   332 | D:1      | Learned a level 2 spell: Searing Ray
   838 | D:1      | Learned a level 1 spell: Sting
   878 | D:2      | Reached XP level 3. HP: 29/29 MP: 2/6
  1328 | D:2      | Reached skill level 1 in Poison Magic
  1448 | D:2      | Reached skill level 1 in Transmutations
  1603 | D:2      | Reached XP level 4. HP: 36/36 MP: 5/7
  1852 | D:3      | Noticed Jessica
  1857 | D:3      | Killed Jessica
  1892 | D:3      | Noticed Grinder
  1908 | D:3      | Paralysed by Grinder for 2 turns
  1919 | D:3      | Killed Grinder
  1920 | D:3      | Reached skill level 1 in Short Blades
  1920 | D:3      | Reached XP level 5. HP: 23/45 MP: 2/8
  1920 | D:3      | Reached XP level 6. HP: 27/51 MP: 2/9
  2152 | D:3      | Found a glowing drain.
  2164 | Sewer    | Entered a sewer
  2567 | Sewer    | Your scales start taking on a lurid green colour.
  2567 | Sewer    | Reached XP level 7. HP: 17/57 MP: 10/10
  2567 | Sewer    | Gained mutation: Your system is resistant to poisons.
                  | (rPois) [Green Draconian growth]
  2834 | D:3      | Learned a level 4 spell: Olgreb's Toxic Radiance
  3585 | D:4      | Found an iron altar of Okawaru.
  4083 | D:4      | Found Ajatiad's Firing Range.
  4487 | D:5      | Entered Level 5 of the Dungeon
  4509 | D:4      | Reached skill level 5 in Poison Magic
  4809 | D:5      | Reached XP level 8. HP: 39/63 MP: 7/11
  5057 | D:5      | Noticed Edmund
  5086 | D:4      | Killed Edmund
  5179 | D:5      | Identified the amulet of the Final Mice {*Corrode rF+ rN++
                  | Regen+ Int+3}
  5202 | D:5      | Identified the ring "Kivurets" {rElec EV+5}
  5757 | D:5      | Found a staircase to the Ecumenical Temple.
  5772 | Temple   | Entered the Ecumenical Temple
  5812 | Temple   | Became a worshipper of Ru the Awakened
  6100 | D:6      | Reached skill level 5 in Conjurations
  6157 | D:6      | Reached XP level 9. HP: 69/69 MP: 5/14
  6460 | D:6      | Reached skill level 5 in Transmutations
  6616 | D:6      | Reached skill level 6 in Conjurations
  6924 | D:7      | Gained mutation: You are slightly weak-willed. (Will-) [Ru
                  | sacrifice]
  6924 | D:7      | Reached * piety under Ru
  7209 | D:7      | Reached skill level 5 in Spellcasting
  7277 | D:7      | Found a glowing golden altar of the Shining One.
  7645 | D:7      | Reached skill level 7 in Conjurations
  7866 | D:8      | Reached XP level 10. HP: 72/77 MP: 11/18
  7890 | D:8      | Learned a level 2 spell: Poisonous Vapours
  7894 | D:8      | Learned a level 3 spell: Stone Arrow
  8132 | D:8      | Identified the +4 ring mail of Xiran {rElec Int+8 Dex-3
                  | Slay+5}
  8211 | D:8      | Reached skill level 1 in Earth Magic
  8955 | D:8      | Reached skill level 8 in Conjurations
  9359 | D:9      | Noticed a six-headed hydra
  9367 | D:9      | Killed a six-headed hydra
  9510 | D:9      | Found the +1 robe of Vines {NoPotionHeal Regen++++}
  9554 | D:9      | Noticed Psyche
  9560 | D:9      | Psyche changed into Psyche the bullfrog
  9560 | D:9      | Noticed Psyche
  9568 | D:9      | Killed Psyche the bullfrog
  9582 | D:9      | Found a staircase to the Lair.
  9659 | D:9      | Gained mutation: You occasionally lose the ability to drink
                  | potions when taking damage. [Ru sacrifice]
  9659 | D:9      | Gained mutation: You sometimes lose the ability to drink
                  | potions when taking damage. [Ru sacrifice]
  9659 | D:9      | Reached ** piety under Ru
  9659 | D:9      | Reached *** piety under Ru
  9876 | D:9      | Found a shadowy altar of Dithmenos.
  9950 | D:9      | Reached skill level 9 in Conjurations
 10009 | D:9      | Found Joicamn's Distillery.
 10127 | D:9      | Reached XP level 11. HP: 38/82 MP: 17/22
 10368 | D:10     | Entered Level 10 of the Dungeon
 10533 | D:10     | Noticed a two-headed ogre
 10546 | D:10     | Killed a two-headed ogre
 10617 | D:10     | Found a flagged portal.
 10630 | Bailey   | Entered a bailey
 10819 | Lair:1   | Entered Level 1 of the Lair of Beasts
 11169 | Lair:1   | Reached skill level 10 in Conjurations
 11206 | Lair:1   | Learned a level 4 spell: Sticky Flame
 11210 | Lair:1   | You are sucked into a shaft and drop 1 floor!
 11210 | Lair:2   | Found a hole to the Spider Nest.
 11617 | Lair:2   | Gained mutation: You are hated by all. [Ru sacrifice]
 11617 | Lair:2   | Reached **** piety under Ru
 11749 | Lair:2   | Found a staircase to the Swamp.
 12117 | Lair:1   | Reached skill level 11 in Conjurations
 12154 | Lair:1   | Learned a level 4 spell: Fulminant Prism
 12159 | Lair:1   | Learned a level 4 spell: Iskenderun's Mystic Blast
 12800 | Lair:2   | Noticed a skyshark
 12805 | Lair:2   | Killed a skyshark
 12806 | Lair:2   | Reached skill level 10 in Spellcasting
 12895 | Lair:2   | Noticed a six-headed hydra
 12900 | Lair:2   | Killed a six-headed hydra
 12901 | Lair:2   | Reached XP level 12. HP: 15/89 MP: 10/26
 13169 | Lair:2   | Found a runed translucent door.
 13171 | Lair:2   | Noticed a vampire mage
 13704 | Lair:3   | Noticed Sonja
 13982 | Lair:3   | Reached skill level 12 in Conjurations
 14072 | Lair:3   | Killed Sonja
 14210 | Lair:3   | Noticed an eight-headed hydra
 14219 | Lair:3   | Killed an eight-headed hydra
 14776 | Lair:3   | Found the +9 scales of the Dragon King {rPois rF+ rC+
                  | Will+}
 14959 | Lair:3   | Reached skill level 13 in Conjurations
 15218 | Lair:3   | Gained mutation: You cannot be stealthy. [Ru sacrifice]
 15218 | Lair:3   | Reached ***** piety under Ru
 15533 | Lair:3   | Reached XP level 13. HP: 15/94 MP: 23/29
 15607 | Lair:3   | Learned a level 4 spell: Flame Wave
 15675 | Lair:4   | Reached skill level 1 in Fire Magic
 16272 | Lair:4   | Identified 2 scrolls of acquirement
 16273 | Lair:4   | Acquired a +3 spectral lajatang
 16275 | Lair:4   | Acquired the Secrets of Energy
 16731 | Lair:5   | Entered Level 5 of the Lair of Beasts
 16739 | Lair:5   | Reached skill level 1 in Staves
 17177 | Lair:5   | Reached skill level 5 in Staves
 17556 | Lair:5   | Found a transporter.
 17561 | Lair:5   | Noticed Jeffwins's ghost (journeyman HuWn)
 17696 | Lair:5   | Found a transporter.
 18044 | Lair:5   | Gained mutation: You are missing an eye, making it more
                  | difficult to aim. [Ru sacrifice]
 18099 | Lair:5   | Found a staircase to the Slime Pits.
 18335 | Lair:5   | Upgraded the game from 0.30-a0-1157-g2cc9ac7196 to
                  | 0.30-a0-1160-g6e42c06551
 18944 | Lair:5   | Gained mutation: Your tail ends in a venomous barb. [Green
                  | Draconian growth]
 18944 | Lair:5   | Reached XP level 14. HP: 93/102 MP: 15/30
 19080 | Lair:5   | Learned a level 3 spell: Ignite Poison
 19133 | Lair:5   | Reached skill level 10 in Staves
 19647 | Lair:5   | Acquired 353 gold pieces
 19765 | Lair:5   | Found a corrupted altar of Lugonu.
 19765 | Lair:5   | Found a one-way gate to the infinite horrors of the Abyss.
 20802 | D:11     | Noticed Erolcha
 20802 | D:11     | Banished Erolcha
 21245 | D:11     | Found a portal to a secret trove of treasure.
 21353 | D:11     | Noticed Harold
 21363 | D:11     | Killed Harold
 21940 | D:12     | Gained mutation: You are weak. (Str -2) [Ru sacrifice]
 21940 | D:12     | Reached ****** piety under Ru
 22146 | D:12     | Acquired the staff of earth "Viedaefe" {rC+ Str+4 Int-5
                  | SInv}
 22372 | D:12     | Found a staircase to the Orcish Mines.
 22902 | D:13     | Found a transporter.
 22903 | D:13     | Noticed Fuilowk's ghost (journeyman MiFi)
 22904 | D:13     | Found a transporter.
 22908 | D:13     | Identified the +10 great mace of Otzig {drain, Int+3}
 23199 | D:13     | Killed Fuilowk's ghost
 23286 | D:13     | Identified the +5 mace "Killer Klown's Regret" {heavy,
                  | *Rage Will+++ Int-2 Dex+2}
 23353 | D:14     | Found a gate to the Vaults.
 23359 | D:14     | Reached skill level 5 in Dodging
 23360 | D:14     | Reached XP level 15. HP: 109/112 MP: 17/31
 23361 | D:14     | Reached skill level 5 in Fighting
 23470 | D:14     | Found a shimmering blue altar of Sif Muna.
 23495 | D:14     | Found Kiqiki's Weapon Shoppe.
 23734 | D:14     | Found a bloodstained altar of Trog.
 23834 | D:14     | Found Wifink's Book Shoppe.
 24069 | D:14     | Noticed Frances
 24078 | D:14     | Killed Frances
 24259 | D:14     | Found Dericuof's Armour Boutique.
 24443 | D:15     | Entered Level 15 of the Dungeon
 25334 | D:15     | Found an ancient bone altar of Kikubaaqudgha.
 25567 | D:15     | Reached skill level 1 in Hexes
 25567 | D:15     | Reached skill level 1 in Translocations
 25580 | D:15     | Found a staircase to the Depths.
 26215 | Swamp:1  | Entered Level 1 of the Swamp
 26215 | Swamp:1  | Noticed Louise
 26575 | Swamp:1  | Noticed a thorn hunter
 26582 | Swamp:1  | Killed Louise
 26593 | Lair:2   | Killed a thorn hunter
 27451 | Swamp:1  | Reached skill level 14 in Conjurations
 27899 | Swamp:2  | Reached XP level 16. HP: 122/122 MP: 26/33
 28518 | Swamp:2  | Learned a level 5 spell: Iskenderun's Battlesphere
 28524 | Swamp:2  | Learned a level 5 spell: Fireball
 28566 | Swamp:2  | Found a bloodstained altar of Trog.
 28566 | Swamp:2  | Noticed Eboth's ghost (adept GnFi)
 28669 | Swamp:2  | Found a transporter.
 28673 | Swamp:2  | Found a transporter.
 28847 | Swamp:2  | Found an ancient bone altar of Kikubaaqudgha.
 29359 | Swamp:3  | Reached skill level 15 in Conjurations
 29512 | Swamp:3  | Noticed a thorn hunter
 29611 | Swamp:3  | Killed a thorn hunter
 30066 | Swamp:4  | Entered Level 4 of the Swamp
 30307 | Swamp:4  | Noticed Bai Suzhen
 30328 | Swamp:4  | Killed Bai Suzhen
 30462 | Swamp:4  | Identified the +8 morningstar of Defiance {freeze, rC+
                  | Int+3}
 30750 | Swamp:4  | Found a runed translucent door.
 30753 | Swamp:4  | Identified the +8 trident "Urofue" {freeze, +Blink rElec
                  | MP+9 Stlth-}
 30754 | Swamp:4  | Noticed patfeehan111222's ghost (adept DsBe)
 31257 | Swamp:4  | Reached skill level 16 in Conjurations
 31332 | Swamp:4  | Learned a level 7 spell: Orb of Destruction
 31339 | Swamp:4  | Learned a level 5 spell: Freezing Cloud
 31370 | Swamp:4  | Reached skill level 1 in Ice Magic
 31370 | Swamp:4  | Reached skill level 1 in Air Magic
 31552 | Swamp:4  | Noticed the 27-headed Lernaean hydra
 31619 | Swamp:4  | Killed the 27-headed Lernaean hydra
 32021 | Swamp:4  | Reached XP level 17. HP: 124/128 MP: 5/35
 32176 | Swamp:4  | Got a decaying rune of Zot
 32608 | Swamp:4  | Killed patfeehan111222's ghost
 32921 | Spider:1 | Entered Level 1 of the Spider Nest
 33006 | Spider:1 | Noticed Kirke
 33012 | Spider:1 | Killed Kirke
 33335 | Spider:1 | Reached skill level 5 in Ice Magic
 33335 | Spider:1 | Reached skill level 5 in Air Magic
 33482 | Spider:1 | Noticed Agnes
 33489 | Spider:1 | Killed Agnes
 33490 | Spider:1 | Reached skill level 1 in Evocations
 34651 | Spider:2 | Blown up by an orb spider

Illustrated notes

Levels and vault maps discovered:
D:1:      psy_arrival_conway, layout_basic, minmay_misc_feat_encased
D:2:      layout_loops_ring, chequers_hall_statues_wall_a, minmay_tromino_i4
D:3:      layout_loops_corners, portal_sewer_entry_d, uniq_jessica, uniq_grinder
D:4:      kennysheep_big_flooded_room, layout_loops_ring, okawaru_trees_1,
          nicolae_shop_firing_range
D:5:      layout_cave_pools, minmay_temple_entry_enclosed_plants, uniq_edmund
D:6:      layout_basic, roderic_batcave, dk_noncrumbling_4
D:7:      layout_loops_cross, tso_metal_star
D:8:      layout_loops_corners, st_stairs_4, minivault_14, grunt_ministairs_11
D:9:      layout_roguey, mainiacjoe_overflow_alcove_1, david_lair_shrubbed,
          serial_shops, shop, chequers_serial_rivers_small_3,
          hellmonk_guarded_unrand_vines, uniq_psyche
D:10:     layout_gridville, enter_bailey_2, chequers_serial_rivers_large_b
D:11:     layout_long_grid, serial_demonic, serial_demonic_d, serial_demonic_b,
          serial_demonic_b, serial_demonic_g, nicolae_trove_entry_diagonal,
          minmay_between, uniq_erolcha, uniq_harold
D:12:     layout_roguey, orc_0_dummy
D:13:     layout_roguey, gammafunk_ghost_smash, hangedman_corner_corridor
D:14:     layout_loops_ring, david_vaults_3, nicolae_sif_muna_condensation,
          serial_shops, shop, shop_statue, shop, kennysheep_nub, tgw_trog,
          uniq_frances
D:15:     grunt_enter_depths_hoard, layout_grid_maze, kiku_gazebo_garden_becter
Temple:   compressed_dpeg_triangle_lava_temple
Lair:1:   layout_cave_pods
Lair:2:   dreamdust_cave_troll, layout_regular_city, minmay_swamp_entry_swarm,
          hellmonk_spider_entry_life_and_decay, pdpol_lair_cabin_in_the_woods,
          grunt_megastairs_3, lemuel_fruit_fields
Lair:3:   layout_misc_corridors, uniq_sonja
Lair:4:   layout_roguey, beast_lair_carwin_1
Lair:5:   hellmonk_lair_end_abyssal_woods, layout_small_grid,
          minmay_slime_entry_oklob_open, gammafunk_ghost_berserking_beasts
Swamp:1:  layout_basic_swamp, nicolae_swamp_bean_lake, uniq_louise
Swamp:2:  layout_basic_swamp, gammafunk_ghost_wrathful_warriors, basic_altar
Swamp:3:  layout_basic_swamp, evilmike_swamp_ruin_house_1
Swamp:4:  swamp_old_school, layout_basic_swamp, ebering_ghost_funeral_grove,
          uniq_bai_suzhen
Spider:1: layout_spider_delve, uniq_kirke, uniq_agnes
Spider:2: layout_spider_delve, drop_trap, hangedman_spider_tarantella_strand

Skill      XL: |  1  2  3  4  5  6  7  8  9 10 11 12 13 14 15 16 17 |
---------------+----------------------------------------------------+-----
Stealth        | 2 0 |  0.0
Dodging        | 2 3 4 5 8 |  8.0
Fighting       | 1 2 3 4 6 |  6.0
Poison Magic   | 1 2 3 6 8 |  8.2
Transmutations | 1 2 3 4 6 8 |  8.0
Short Blades   | 1 3 4 |  4.0
Spellcasting   | 3 5 7 10 12 13 14 | 14.7
Conjurations   | 5 7 9 11 13 14 16 | 16.0
Earth Magic    | 4 |  4.0
Fire Magic     | 4 |  4.2
Staves         | 9 14 | 14.0
Hexes          | 4 |  4.0
Translocations | 4 |  4.0
Ice Magic      | 3 5 |  5.9
Air Magic      | 3 5 |  5.9
Evocations     | 4 |  4.4

Action                     |  1- 3 |  4- 6 |  7- 9 | 10-12 | 13-15 | 16-18 || total
---------------------------+-------+-------+-------+-------+-------+-------++-------
  Melee: Mace              |     7 |       |       |       |       |       ||     7
         Tailslap          |     9 |    11 |    64 |   135 |   116 |    35 ||   370
         Whip              |    49 |       |       |    26 |       |       ||    75
         Short sword       |    18 |   128 |   522 |   680 |   106 |       ||  1454
         Punch             |       |     2 |    13 |    10 |     3 |       ||    28
         Lajatang          |       |       |       |       |   684 |   300 ||   984
  Throw: Dart              |       |       |       |     8 |     7 |     4 ||    19
         Javelin           |       |       |       |     1 |       |       ||     1
   Cast: Magic Dart        |    37 |       |       |       |     3 |     8 ||    48
         Sting             |    17 |     4 |    29 |    12 |     8 |     6 ||    76
         Searing Ray       |       |     2 |       |       |       |       ||     2
         Olgreb's Toxic Ra |       |       |    17 |    40 |    52 |    38 ||   147
         Stone Arrow       |       |       |       |    62 |    89 |    84 ||   235
         Sticky Flame      |       |       |       |    27 |    17 |    27 ||    71
         Iskenderun's Myst |       |       |       |    13 |     9 |    10 ||    32
         Fulminant Prism   |       |       |       |     3 |    21 |       ||    24
         Flame Wave        |       |       |       |       |     6 |     1 ||     7
         Poisonous Vapours |       |       |       |       |    44 |    44 ||    88
         Ignite Poison     |       |       |       |       |    25 |    23 ||    48
         Orb of Destructio |       |       |       |       |       |    25 ||    25
         Iskenderun's Batt |       |       |       |       |       |    10 ||    10
         Freezing Cloud    |       |       |       |       |       |     2 ||     2
 Invoke: Sacrifice Essence |       |       |     1 |       |       |       ||     1
         Sacrifice Drink   |       |       |       |     1 |       |       ||     1
         Sacrifice Love    |       |       |       |     1 |       |       ||     1
         Draw Out Power    |       |       |       |     2 |     2 |     1 ||     5
         Sacrifice Stealth |       |       |       |     1 |       |       ||     1
         Sacrifice an Eye  |       |       |       |       |     1 |       ||     1
         Sacrifice Purity  |       |       |       |       |     1 |       ||     1
         Apocalypse        |       |       |       |       |     1 |     2 ||     3
Ability: Breathe Noxious F |       |       |     6 |     2 |     9 |     7 ||    24
  Evoke: Wand              |       |    11 |     8 |     7 |     2 |     3 ||    31
    Use: Scroll            |       |     5 |     6 |     7 |    19 |    11 ||    48
         Potion            |       |     2 |     1 |       |     3 |     4 ||    10
   Stab: Sleeping          |     1 |     1 |     1 |     3 |       |       ||     6
         Confused          |       |       |     2 |       |       |       ||     2
         Distracted        |       |       |       |     4 |    14 |     7 ||    25
         Invisible         |       |       |       |     2 |     6 |     1 ||     9
         Paralysed         |       |       |       |       |     7 |       ||     7
 Armour: Skin              |    23 |    57 |   158 |   146 |   184 |   110 ||   678
  Dodge: Dodged            |    61 |    94 |   334 |   637 |   685 |   559 ||  2370

Table legend: (Time is in decaauts)
 A = Elapsed time spent in this place.
 B = Non-inter-level travel time spent in this place.
 C = Inter-level travel time spent in this place.
 D = Time resting spent in this place.
 E = Time spent auto-exploring this place.
 F = Levels seen in this place.
 G = Mean time per level.
                   A        B        C        D        E       F      G
               +--------+--------+--------+--------+--------+-----+--------+
         Total |  34567 |  32758 |   1809 |   8986 |  16221 |  29 | 1192.0 |
       Dungeon |  15803 |  14848 |    955 |   1864 |   9923 |  15 | 1053.5 |
        Temple |     49 |     40 |      9 |      0 |      0 |   1 |   49.0 |
          Lair |  10161 |   9430 |    731 |   3474 |   4031 |   5 | 2032.2 |
         Swamp |   6174 |   6086 |     88 |   2615 |   1854 |   4 | 1543.5 |
   Spider Nest |   1660 |   1636 |     24 |    824 |    397 |   2 |  830.0 |
         Sewer |    613 |    613 |      0 |    195 |     15 |   1 |  613.0 |
        Bailey |    105 |    105 |      0 |     14 |      0 |   1 |  105.0 |
               +--------+--------+--------+--------+--------+-----+--------+

Top non-repeatable levels by time:
  Lair:5: 3259 daAuts
  Lair:2: 2840 daAuts
 Swamp:4: 2756 daAuts
  Lair:3: 1578 daAuts
     D:4: 1515 daAuts
Spider:1: 1504 daAuts
 Swamp:2: 1484 daAuts
    D:15: 1379 daAuts
  Lair:4: 1324 daAuts
     D:8: 1296 daAuts
    D:11: 1240 daAuts
     D:9: 1226 daAuts
  Lair:1: 1157 daAuts
     D:7: 1102 daAuts
     D:3: 1101 daAuts
